 Dungeon Crawl Stone Soup version 0.19.0 (webtiles) character file.

56 Jraekied the Chiller (level 3, -1/24 HPs)
             Began as a Demonspawn Ice Elementalist on Nov 11, 2016.
             Slain by a worm (7 damage)
             ... on level 2 of the Dungeon on Nov 12, 2016.
             The game lasted 00:08:06 (1166 turns).

Jraekied the Chiller (Demonspawn Ice Elementalist)  Turns: 1166, Time: 00:08:07

Health: -1/24      AC:  3    Str:  8    XL:     3   Next: 71%
Magic:  2/6        EV: 12    Int: 17    God:
Gold:   47         SH:  0    Dex: 13    Spells: 3 memorised, 1 level left

rFire  . . .     SeeInvis .     q - +0 dagger
rCold  + . .     Gourm    .     a - +0 robe
rNeg   . . .     Faith    .     (no shield)
rPois  .         Spirit   .     (helmet restricted)
rElec  .         Reflect  .     (no cloak)
rCorr  .         Harm     .     f - +0 pair of gloves
MR     .....                    (no boots)
Stlth  ++........               (no amulet)
                                (no ring)
                                g - ring of protection from cold (curse)

@: no status effects
A: antennae 1
a: no special abilities


You were on level 2 of the Dungeon.
You were not hungry.

You visited 1 branch of the dungeon, and saw 2 of its levels.

You collected 47 gold pieces.

Inventory:

Hand Weapons
 q - a +0 dagger (weapon)
Armour
 a - a +0 robe (worn)
 f - a +0 pair of gloves (worn)
Jewellery
 g - a cursed ring of protection from cold (left hand)
Scrolls
 d - a scroll of noise {unknown}
 i - 2 scrolls of teleportation {unknown}
 k - a scroll of enchant weapon {unknown}
 m - 2 scrolls of identify {unknown}
 n - a scroll of enchant armour {unknown}
 p - a scroll of remove curse {unknown}
Potions
 e - a potion of ambrosia {unknown}
 h - a potion of cancellation {unknown}
 l - 3 potions of curing {unknown}
 o - a potion of degeneration {unknown}
Books
 b - a book of Frost

   Spells                             Type                      Level
   a - Freeze                         Ice                          1
   b - Throw Frost                    Conjuration/Ice              2
   c - Ozocubu's Armour               Charms/Ice                   3
   d - Throw Icicle                   Conjuration/Ice              4
   e - Summon Ice Beast               Ice/Summoning                4
Comestibles
 c - a bread ration
 j - a chunk of flesh
 r - a meat ration


   Skills:
 - Level 1.9 Dodging
 - Level 1.9 Stealth
 - Level 2.5 Spellcasting
 - Level 1.0 Conjurations
 + Level 0.6 Charms
 * Level 3.6 Ice Magic


You had one spell level left.
You knew the following spells:

 Your Spells              Type           Power        Failure   Level  Hunger
a - Freeze                Ice            ##..         4%          1    #......
b - Throw Frost           Conj/Ice       ##....       14%         2    ##.....
c - Ozocubu's Armour      Chrm/Ice       #.......     24%         3    ###....


Dungeon Overview and Level Annotations

Branches:
Dungeon (2/15)

Altars:


Innate Abilities, Weirdness & Mutations

You have a pair of small antennae on your head.


Message History

You freeze the worm.
The worm is heavily wounded.
The worm bites you!
* * * LOW HITPOINT WARNING * * *
Casting: Freeze
Confirm with . or Enter, or press ? or * to list all spells.
Aiming: Freeze
Press: ? - help, Shift-Dir - straight line, f/p - worm
Aim: a worm (moderately wounded)
You freeze the worm.
The worm is heavily wounded.
Casting: Freeze
Confirm with . or Enter, or press ? or * to list all spells.
Aiming: Freeze
Press: ? - help, Shift-Dir - straight line, f/p - worm
Aim: a worm (heavily wounded)
You freeze the worm.
The worm is almost dead.
The worm bites you!
You die...

#............#
#......#.........#..#
#......#......####
#......#......#
+......#......#
#......#......#
#......#......#
#......#....###
#....w@'....#
#......####.#
#####.## #.# #. #.#
#. #.# #. ... #. #.#
#. .#


You could see a worm.

Vanquished Creatures
  3 adders (D:2)
  2 dart slugs
  A leopard gecko (D:1)
  6 bats
  4 giant cockroaches
  A goblin (D:2)
  4 hobgoblins
  2 kobolds
  A rat (D:2)
24 creatures vanquished.

Vanquished Creatures (others)
  A rat (D:2)
1 creature vanquished.

Grand Total: 25 creatures vanquished

Notes
Turn   | Place    | Note
-------+----------+-------------------------------------------
     0 | D:1      | Jraekied the Demonspawn Ice Elementalist began the quest for the Orb.
     0 | D:1      | Reached XP level 1. HP: 13/13 MP: 3/3
   369 | D:1      | Gained mutation: You have a pair of small antennae on your head. [demonic ancestry]
   369 | D:1      | Reached XP level 2. HP: 11/19 MP: 0/5
   373 | D:1      | Learned a level 2 spell: Throw Frost
   593 | D:1      | Reached skill level 3 in Ice Magic
   839 | D:1      | You fall through a shaft!
   884 | D:2      | Reached XP level 3. HP: 19/24 MP: 0/6
   894 | D:2      | Learned a level 3 spell: Ozocubu's Armour
  1166 | D:2      | Slain by a worm

Skill      XL: |  1  2 |
---------------+-------+-----
Ice Magic      | 3 |  3.6
Dodging        | |  1.9
Stealth        | |  1.9
Spellcasting   | |  2.5
Conjurations   | |  1.0
Charms         | |  0.6

Action                   || total
-------------------------++-------
Melee: Unarmed           ||    24
       Dagger            ||     7
 Cast: Freeze            ||    43
       Throw Frost       ||     2
 Stab: Sleeping          ||     1
  Eat: Chunk             ||     1
Armor: Robe              ||    27
Dodge: Dodged            ||    58
